 Dungeon Crawl Stone Soup version 0.23.2 (webtiles) character file.

Game seed: 0

240 Brecoman the Conjurer (level 5, 28/28 HPs)
             Began as a Deep Elf Conjurer on Feb 27, 2019.
             Quit the game on level 2 of the Dungeon on Apr 12, 2019.
             The game lasted 00:11:33 (2236 turns).

Brecoman the Conjurer (Deep Elf Conjurer)           Turns: 2236, Time: 00:11:34

Health: 28/28      AC:  6    Str:  5    XL:     5   Next: 80%
Magic:  13/14      EV: 15    Int: 21    God:
Gold:   194        SH:  0    Dex: 15    Spells: 11/14 levels left

rFire    . . .     SeeInvis .   o - +1 dagger (vamp)
rCold    . . .     Gourm    .   (no shield)
rNeg     . . .     Faith    .   h - +2 robe {Archmagi}
rPois    .         Spirit   .   j - +0 helmet
rElec    .         Reflect  .   (no cloak)
rCorr    .         Harm     .   n - +0 pair of gloves
MR       .....                  (no boots)
Stlth    ++........             (no amulet)
HPRegen  0.09/turn              (no ring)
MPRegen  0.14/turn              (no ring)

@: no status effects
A: no striking features
a: no special abilities


You were on level 2 of the Dungeon.
You were not hungry.

You visited 1 branch of the dungeon, and saw 2 of its levels.

You collected 194 gold pieces.

Inventory:

Hand Weapons
 o - a +1 vampiric dagger (weapon)
Missiles
 f - 48 stones (quivered)
 k - a throwing net
Armour
 a - a +0 robe
 h - a +2 robe of the Archmagi (worn)
 j - a +0 helmet (worn)
 n - a +0 pair of gloves (worn)
 p - a -1 pair of boots
 q - a +1 robe of fire resistance
Scrolls
 d - a scroll of identify
 e - a scroll of teleportation
 g - a scroll of remove curse
 i - a scroll of amnesia {unknown}
 l - a scroll of fear {unknown}
 r - a scroll of blinking {unknown}
 s - a scroll of noise {unknown}
 t - a scroll of enchant armour {unknown}
Potions
 m - a potion of experience
 u - a potion of haste {unknown}
Comestibles
 b - 2 chunks of flesh
 c - a ration


   Skills:
 + Level 4.6 Dodging
 - Level 2.4 Stealth
 + Level 5.3 Spellcasting
 + Level 5.8 Conjurations


You had 11 spell levels left.
You knew the following spells:

 Your Spells              Type           Power        Failure   Level  Hunger
a - Magic Dart            Conj           ####         1%          1    None
b - Searing Ray           Conj           #####.       1%          2    None

Your spell library contained the following spells:

 Spells                   Type           Power        Failure   Level  Hunger
 Dazzling Spray           Conj/Hex       ####..       10%         3    ##.....
 Iskenderun's Mystic Bla  Conj           #####...     10%         4    ####...
 Force Lance              Conj/Tloc      ####....     32%         4    ####...
 Fulminant Prism          Conj/Hex       ####......   32%         4    ####...


Dungeon Overview and Level Annotations

Branches:
Dungeon (2/15)

Altars:


Message History

You can't see any susceptible monsters within range! (Use Z to cast anyway.)
Casting: Magic Dart (safe; 1% risk of failure)
Confirm with . or Enter, or press ? or * to list all spells.
You can't see any susceptible monsters within range! (Use Z to cast anyway.)
You see here a rat corpse.
That item cannot be evoked!
There isn't anything here!
You see here a rat corpse.
There isn't anything here!
You see here a rat corpse.
You butcher the rat corpse.
b - 2 chunks of flesh (gained 1)
You see here a rat skeleton.
Unknown command.
Save game and exit?
Welcome back, Brecoman the Deep Elf Conjurer.
Press ? for a list of commands and other information.
Quiver which item? (- for none, * to show all) (? for menu, Esc to quit)
Okay, then.
Are you sure you want to abandon this character and quit the game? (Confirm with "yes".)

................#.##.##.###
.#.#####...#...##.##.# .# .#.#
#...######.#..# .# .#.# #...# ...
.#.# #...##. #.# #
...#####...##.###.. .
.##........... ..##.# ######
.##.#######.#.##.##.# #.....
###.# #.#...@...##### #.###.
###.# #.............####.#...
...÷# #......#####......<÷.#.
###.# #....÷.#####.#####.###.
##..# #............# ####...
....#######.####..#.#..# ##..##..
............####..#.#..# #....#..
........#..............###..#.#..
.............####.##..###..##.#..


There were no monsters in sight!

Vanquished Creatures
  Sigmund (D:2)
  Robin (D:2)
  2 adders (D:2)
  3 dart slugs
  2 leopard geckos
  7 bats
  4 giant cockroaches
  14 goblins
  6 hobgoblins
  A quokka (D:2)
  6 frilled lizards
  2 kobolds
  5 rats
54 creatures vanquished.

Notes
Turn   | Place    | Note
-------+----------+-------------------------------------------
     0 | D:1      | Brecoman the Deep Elf Conjurer began the quest for the Orb.
     0 | D:1      | Reached XP level 1. HP: 10/10 MP: 6/6
   203 | D:1      | Reached XP level 2. HP: 15/15 MP: 6/8
   462 | D:1      | Learned a level 2 spell: Searing Ray
  1188 | D:2      | Reached XP level 3. HP: 19/19 MP: 6/10
  1287 | D:2      | Noticed Robin
  1347 | D:2      | Killed Robin
  1404 | D:2      | Reached skill level 5 in Conjurations
  1526 | D:2      | Upgraded the game from 0.23.0-41-g86b089e62c to
                  | 0.23.1-37-gaa34b87b72
  1637 | D:2      | Noticed Sigmund
  1697 | D:2      | Killed Sigmund
  1697 | D:2      | Reached skill level 5 in Spellcasting
  1697 | D:2      | Reached XP level 4. HP: 8/24 MP: 3/13
  1697 | D:2      | Reached XP level 5. HP: 9/28 MP: 3/14
  2236 | D:2      | Upgraded the game from 0.23.1-37-gaa34b87b72 to 0.23.2
  2236 | D:2      | Quit the game

Skill      XL: |  1  2  3 |
---------------+----------+-----
Dodging        | 3 4 |  4.6
Spellcasting   | 5 |  5.3
Conjurations   | 5 |  5.8
Stealth        | |  2.4

Action                   |  1- 3 |  4- 6 || total
-------------------------+-------+-------++-------
Melee: Unarmed           |    18 |       ||    18
       Dagger            |       |    25 ||    25
 Cast: Magic Dart        |    70 |    12 ||    82
       Searing Ray       |     2 |     1 ||     3
  Use: Scroll            |     3 |       ||     3
 Stab: Sleeping          |       |     1 ||     1
  Eat: Ration            |     2 |       ||     2
       Chunk             |     2 |       ||     2
Armor: Robe              |    21 |     7 ||    28
Dodge: Dodged            |    43 |    17 ||    60
